 Dungeon Crawl Stone Soup version 0.19.1-1-g22dce08 (webtiles) character file.

118 theAP the Skirmisher (level 5, 0/30 HPs)
             Began as a Gargoyle Fighter on Jan 9, 2017.
             Was an Initiate of Hepliaklqana.
             Killed by divine providence
             ... invoked by an orc priest
              (11 damage)
             ... on level 3 of the Dungeon.
             The game lasted 00:05:39 (2287 turns).

theAP the Skirmisher (Gargoyle Fighter)             Turns: 2287, Time: 00:05:40

Health: 0/30       AC: 10    Str: 20    XL:     5   Next: 2%
Magic:  5/5        EV:  7    Int:  9    God:    Hepliaklqana [......]
Gold:   61         SH:  9    Dex: 13    Spells: 0 memorised, 4 levels left

rFire  . . .     SeeInvis .     a - +0 flail
rCold  . . .     Gourm    .     b - +0 scale mail
rNeg   + . .     Faith    .     c - +0 shield
rPois  ∞         Spirit   .     (no helmet)
rElec  +         Reflect  .     (no cloak)
rCorr  .         Harm     .     (no gloves)
MR     +....                    (no boots)
Stlth  ..........               (no amulet)
                                g - +4 ring of dexterity
                                h - ring of protection from magic

@: hasted, very quick
A: reduced essence, negative energy resistance 1, electricity resistance,
unbreathing, petrification resistance, rot immunity, AC +4
a: Recall Ancestor, Ancestor Identity, Renounce Religion


You were on level 3 of the Dungeon.
You worshipped Hepliaklqana.
Hepliaklqana was noncommittal.
You were not hungry.

You visited 1 branch of the dungeon, and saw 3 of its levels.

You collected 61 gold pieces.

Inventory:

Hand Weapons
 a - a +0 flail (weapon)
Armour
 b - a +0 scale mail (worn)
 c - a +0 shield (worn)
Jewellery
 g - a +4 ring of dexterity (right hand)
 h - a ring of protection from magic (left hand)
 k - a cursed -2 ring of dexterity
Scrolls
 l - 3 scrolls of identify
 o - a scroll of blinking
Potions
 d - a potion of might
 i - a potion of mutation {unknown}
 m - a potion of heal wounds {unknown}
 n - a potion of curing {unknown}
Comestibles
 f - 2 bread rations
 j - a slice of pizza


   Skills:
 + Level 4.3 Fighting
 * Level 4.2 Maces & Flails
 - Level 3.2 Armour
 - Level 3.2 Shields
 + Level 0.0 Invocations


You had 4 spell levels left.
You didn't know any spells.

Dungeon Overview and Level Annotations

Branches:
Dungeon (3/15)

Altars:
Hepliaklqana


Innate Abilities, Weirdness & Mutations

You are resistant to torment.
Your stone body is resilient. (AC +4)
You are immune to poison.
You resist negative energy. (rN+)
You are resistant to electric shocks. (rElec)
You can survive without breathing.
You are immune to petrification.
You are immune to rotting.
Your life essence is reduced. (-10% HP)


Message History

The orc priest hits you but does no damage.
You block the orc's attack. x3; Servius closely misses the orc priest.
You closely miss the orc priest.
The orc priest is moderately wounded.
You block the orc priest's attack. The orc closely misses you.
The orc hits you with a flail. You block the orc's attack.
Servius barely misses the orc priest.
You hit the orc priest but do no damage.
The orc priest is moderately wounded.
The orc priest hits you but does no damage.
The orc barely misses you. x2
Servius hits the orc priest but does no damage.
You block the orc's attack.
The orc priest hits you but does no damage.
You feel yourself speed up. The orc hits you.
Servius barely misses the orc priest.
You block the orc's attack. The orc hits you but does no damage.
The orc priest mumbles some strange prayers to Beogh against you.
Beogh smites you!
You die...

....# .# #.#.####.#
##........#
.........# #
#........##
#.#######....>)....
..........oo....#
#.....#.@o....#
#.......Ro....#
#.....#.#######
#.....#.# ######
#...###.# .....##
#.### #.#
......###>## #.#
......##...####.####
#.###....[.........#


You could see the friendly Servius the ancestor, an orc priest and 3 orcs.

Vanquished Creatures
  Natasha (D:2)
  An adder (D:2)
  2 oozes
  A worm (D:2)
  3 dart slugs
  3 orcs (D:3)
  3 giant cockroaches
  4 goblins
  8 hobgoblins
  7 jackals
  8 kobolds
  2 quokkas (D:2)
  9 bats
  2 frilled lizards (D:2)
  4 rats (D:1)
58 creatures vanquished.

Vanquished Creatures (collateral kills)
  An orc (D:3)
1 creature vanquished.

Grand Total: 59 creatures vanquished

Notes
Turn   | Place    | Note
-------+----------+-------------------------------------------
     0 | D:1      | theAP the Gargoyle Fighter began the quest for the Orb.
     0 | D:1      | Reached XP level 1. HP: 14/14 MP: 1/1
   208 | D:1      | Reached XP level 2. HP: 18/19 MP: 2/2
   394 | D:1      | Reached XP level 3. HP: 19/24 MP: 3/3
  1164 | D:2      | Noticed Natasha
  1171 | D:2      | Killed Natasha
  1171 | D:2      | Reached XP level 4. HP: 23/29 MP: 4/4
  1366 | D:2      | Found a hazy altar of Hepliaklqana.
  2068 | D:2      | Became a worshipper of Hepliaklqana the Forgotten
  2123 | D:3      | Reached XP level 5. HP: 20/30 MP: 5/5
  2254 | D:3      | Noticed a phantom
  2287 | D:3      | Killed from afar by an orc priest

Skill      XL: |  1  2  3  4 |
---------------+-------------+-----
Maces & Flails | 3 4 |  4.2
Fighting       | 4 |  4.3
Armour         | |  3.2
Shields        | |  3.2

Action                   |  1- 3 |  4- 6 || total
-------------------------+-------+-------++-------
Melee: Flail             |   127 |    87 ||   214
  Use: Scroll            |     4 |       ||     4
       Potion            |       |     1 ||     1
  Eat: Chunk             |     1 |     2 ||     3
       Pizza             |       |     1 ||     1
Armor: Scale mail        |    80 |    61 ||   141
Dodge: Dodged            |    51 |    23 ||    74
Block: Shield            |    69 |    51 ||   120
